 Dungeon Crawl Stone Soup version 0.31-a0-765-g67fe2935dc (webtiles) character file.

Game seed: 9348992531070524127

6669 Nakaliss the Destroyer (level 10, -1/80 HPs)
             Began as a Green Draconian Conjurer on Sept 16, 2023.
             Was a Believer of Sif Muna.
             Succumbed to Erica's bolt of poison
             ... on level 8 of the Dungeon.
             The game lasted 00:44:14 (12909 turns).

Nakaliss the Destroyer (Green Draconian Conjurer)  Turns: 12909, Time: 00:44:15

Health: -1/80      AC: 10    Str: 10    XL:     10   Next: 73%
Magic:  13/22      EV: 14    Int: 22    God:    Sif Muna [**....]
Gold:   72         SH:  0    Dex: 10    Spells: 22/25 levels left

rFire   + .          .
                       - Unarmed
rCold   + . .        (no shield)
rNeg    . . .        (body armour unavailable)
rPois   +            (helmet restricted)
rElec   .            a - scarf {rC+ rF+}
rCorr   .            g - +2 pair of gloves
SInv    +            (no boots)
Will    .....        o - amulet of faith
Stlth   ++           r - ring of see invisible
HPRegen 0.33/turn    j - ring of wizardry
MPRegen 0.18/turn

%: faith, wizardry (x1)
@: lethally poisoned (-1 -> -7), about to teleport
A: breathe noxious fumes, AC +7, unfitting armour, poison resistance,
cold-blooded
a: Breathe Noxious Fumes, Renounce Religion, Channel Magic


You were on level 8 of the Dungeon.
You worshipped Sif Muna.
Sif Muna was pleased with you.
You visited 2 branches of the dungeon, and saw 9 of its levels.

You collected 310 gold pieces.
You spent 238 gold pieces at shops.

Inventory:

Armour
 a - a scarf of resistance (worn)
 g - a +2 pair of gloves (worn)
Jewellery
 j - a ring of wizardry (right hand)
 o - an amulet of faith (around neck)
 r - a ring of see invisible (left hand)
Wands
 d - a wand of polymorph (8)
 i - a wand of paralysis (10)
 l - a wand of digging (4)
Scrolls
 b - a scroll of enchant weapon
 c - 2 scrolls of amnesia
 f - 5 scrolls of identify
 h - 2 scrolls of teleportation
 p - a scroll of immolation
Potions
 e - a potion of enlightenment {unknown}
 k - a potion of mutation


   Skills:
 + Level 4.7 Fighting
 + Level 7.4 Dodging
 + Level 4.2 Stealth
 + Level 3.9 Unarmed Combat
 + Level 8.2 Spellcasting
 + Level 9.5 Conjurations
 + Level 1.9 Invocations
 + Level 1.0 Evocations


You had 22 spell levels left.
You knew the following spells:

 Your Spells              Type           Power      Damage    Failure   Level
a - Magic Dart            Conj           100%       1d8       1%          1
b - Searing Ray           Conj           100%       2d8       1%          2

Your spell library contained the following spells:

 Spells                   Type           Power      Damage    Failure   Level
 Dazzling Flash           Conj/Hex       60%        N/A       1%          3
 Hailstorm                Conj/Ice       30%        3d8       1%          3
 Apportation              Tloc           18%        N/A       3%          1
 Necrotise                Necr           36%        1d5       3%          1
 Summon Small Mammal      Summ           36%        N/A       3%          1
 Fulminant Prism          Conj/Hex       15%        3d10      4%          4
 Iskenderun's Mystic Bla  Conj/Tloc      30%        2d8       4%          4
 Volatile Blastmotes      Fire/Tloc      18%        2d11      9%          3
 Summon Ice Beast         Ice/Summ       9%         N/A       28%         4
 Starburst                Conj/Fire      15%        6d6       50%         6
 Simulacrum               Ice/Necr       4%         N/A       98%         6
 Maxwell's Capacitive Co  Air            4%         ∞         100%        8


Dungeon Overview and Level Annotations

Branches:
Dungeon (8/15)             Temple (1/1) D:4
   Lair: D:8-11

Altars:
Cheibriados
Dithmenos
Elyvilon
Fedhas
Hepliaklqana
Kikubaaqudgha
Nemelex Xobeh
Okawaru
Sif Muna
Trog
Uskayaw
Wu Jian
Xom
Yredelemnul
Zin
The Shining One

Shops:
D:1 :   D:2 (   D:4 (   D:6 *   D:7 (=[

Annotations:
D:5 3 runed translucent doors, esser2137's ghost, amateur GrFi
D:6 Edmund
D:8 1 transporter, Erica


Innate Abilities, Weirdness & Mutations

You can breathe blasts of noxious fumes.
Your lurid green scales are hard. (AC +7)
You cannot fit into any form of body armour.
Your system is resistant to poisons. (rPois)
You are cold-blooded and may be slowed by cold attacks.


Message History

Erica hits you with a +4 scimitar of flaming!
Erica burns you.
You feel less confused.
Erica hits you with a +4 scimitar of flaming.
You hit Erica.
Erica is heavily wounded.
Erica barely misses you.
Casting: Searing Ray (safe; 1% risk of failure)
Confirm with . or Enter, or press ? or * to list all spells.
Aiming: Searing Ray (safe; 1% risk of failure)
Press: ? - help, Shift-Dir - straight line, f/p - Erica
Aim: Erica, wielding a +4 scimitar of flaming and wearing a +1 robe of cold resistance (heavily wounded, slightly transparent, 81% to hit)
The searing ray hits Erica!
Erica is severely wounded. (Press . to maintain the ray.) Erica hits you with a +4 scimitar of flaming!
Erica burns you.
The searing ray hits Erica!
Erica is severely wounded.
Erica points at you and mumbles some strange words.
The bolt of poison hits you!
You are poisoned.
You resist.
* * * LOW HITPOINT WARNING * * *
Okay, then.
As you read the scroll of teleportation, it crumbles to dust.
You feel strangely unstable.
You feel very sick.
Erica points at you and mumbles some strange words.
The bolt of poison misses you.
You feel very sick. Erica attacks as she pursues you!
Erica hits you with a +4 scimitar of flaming.
* * * LOW HITPOINT WARNING * * *
* * * LOW HITPOINT WARNING * * *
You feel sick.
Erica points at you and mumbles some strange words.
The bolt of poison hits you. You resist.
* * * LOW HITPOINT WARNING * * *
You die...

#############.#
#......#
#8.©.8# #.#
#......#
#.....#######.#
#......#
#.....##......#
#......# #
#.....##.######
#......# #.
#.....##.#
#.......
##..##.....##.#
#......#
#.............#
#.......
#........@..@.#
#.......
#.....!..#+#..#
#.##....
#...(....# #..#
#.##....
#........# #..#
#.##....
#........# #..#
#.##.###
#........# #..#
#.##.###
#........# #..#
#.##)#..
#........# #..#
#.##.##.
#.##.#..


You could see Erica (invisible).

Vanquished Creatures
  Pikel (D:5)
  A troll (D:7)
  2 hornets (D:7)
  A wyvern (D:7)
  10 yaks
  A wraith (D:8)
  Eustachio (D:6)
  A steam dragon (D:8)
  Menkaure (D:4)
  Duvessa (D:7)
  2 water moccasins
  2 orc warriors (D:7)
  2 sky beasts (D:7)
  3 ogres
  A centaur (D:4)
  A phantom (D:7)
  A lemure (D:5)
  A gnoll sergeant (D:8)
  3 bullfrogs
  A scorpion (D:4)
  15 wights
  Dowan (D:7)
  4 killer bees (D:8)
  A howler monkey (D:6)
  2 jellies
  2 orc priests
  2 gnoll boudas
  6 hounds
  3 sleepcaps
  4 iguanas
  2 orc wizards
  26 gnolls
  10 adders
  2 shadow imps
  2 white imps (D:7)
  4 worms (D:3)
  3 dart slugs
  15 orcs
  6 ball pythons
  14 endoplasms
  3 giant cockroaches
  5 goblins
  6 hobgoblins
  6 jackals (D:4)
  4 quokkas (D:4)
  4 bats (D:1)
  3 frilled lizards
  11 kobolds
  6 rats
209 creatures vanquished.

Notes
Turn   | Place    | Note
-------+----------+-------------------------------------------
     0 | D:1      | Nakaliss the Draconian Conjurer began the quest for the
                  | Orb.
     0 | D:1      | Reached XP level 1. HP: 14/14 MP: 3/3
   309 | D:1      | Found Dacosir's Vocational Training.
   315 | D:1      | Reached XP level 2. HP: 20/20 MP: 0/5
   422 | D:1      | Learned a level 2 spell: Searing Ray
  1388 | D:2      | Found a shadowy altar of Dithmenos.
  1469 | D:2      | Reached XP level 3. HP: 26/26 MP: 3/6
  1744 | D:2      | Found Boppir's Weapon Boutique.
  1861 | D:2      | Reached skill level 5 in Conjurations
  2014 | D:2      | Reached XP level 4. HP: 33/33 MP: 3/7
  3021 | D:3      | Reached XP level 5. HP: 35/38 MP: 1/9
  3367 | D:3      | Identified the +2 battleaxe of the Eggplant {freeze, rElec
                  | rCorr}
  3808 | D:4      | Noticed a centaur
  3817 | D:5      | Entered Level 5 of the Dungeon
  3918 | D:5      | Reached XP level 6. HP: 39/46 MP: 5/11
  3921 | D:5      | Reached skill level 1 in Unarmed Combat
  3928 | D:5      | Reached skill level 1 in Fighting
  4459 | D:4      | Found a glowing silver altar of Zin.
  4522 | D:4      | Reached skill level 6 in Conjurations
  4522 | D:4      | Your scales start taking on a lurid green colour.
  4522 | D:4      | Reached XP level 7. HP: 52/52 MP: 6/13
  4522 | D:4      | Gained mutation: Your system is resistant to poisons.
                  | (rPois) [Green Draconian growth]
  4586 | D:4      | Noticed Menkaure
  4598 | D:4      | Killed Menkaure
  4839 | D:4      | Found Melaall's Weapon Boutique.
  5522 | D:4      | Found a staircase to the Ecumenical Temple.
  5556 | Temple   | Entered the Ecumenical Temple
  5578 | Temple   | Became a worshipper of Sif Muna the Loreminder
  6104 | D:5      | Noticed Pikel
  6124 | D:5      | Paralysed by Pikel for 2 turns
  6126 | D:5      | Killed Pikel
  6127 | D:5      | Reached skill level 5 in Spellcasting
  6127 | D:5      | Reached skill level 7 in Conjurations
  6127 | D:5      | Reached XP level 8. HP: 32/62 MP: 8/16
  6403 | D:5      | Found a runed translucent gate.
  6403 | D:5      | Found a runed translucent gate.
  6403 | D:5      | Found a runed translucent gate.
  6404 | D:5      | Noticed esser2137's ghost (amateur GrFi)
  6420 | D:5      | Found a sparkling altar of Nemelex Xobeh.
  7153 | D:6      | Found Xuclone's General Store.
  7161 | D:6      | Bought a potion of curing for 33 gold pieces
  7161 | D:6      | Bought a potion of heal wounds for 55 gold pieces
  7323 | D:6      | Noticed Edmund
  7432 | D:6      | Reached XP level 9. HP: 53/64 MP: 11/18
  7603 | D:6      | Reached * piety under Sif Muna
  7797 | D:6      | Reached skill level 5 in Dodging
  7961 | D:6      | Noticed Eustachio
  7977 | D:6      | Killed Eustachio
  8674 | D:7      | Reached skill level 8 in Conjurations
  8747 | D:7      | Found Benkadis's Jewellery Shop.
  8855 | D:7      | Bought a ring of see invisible for 150 gold pieces
  8862 | D:7      | Identified a scroll of acquirement
  8862 | D:7      | Acquired a book of the Tundra
  9058 | D:7      | Noticed a troll
  9064 | D:7      | Killed a troll
  9182 | D:7      | Noticed Duvessa
  9188 | D:7      | Noticed Dowan
  9191 | D:7      | Killed Duvessa
  9216 | D:7      | Reached skill level 1 in Invocations
  9220 | D:7      | Killed Dowan
  9480 | D:7      | Reached XP level 10. HP: 69/79 MP: 10/21
  9794 | D:7      | Found an ornate altar of the Wu Jian Council.
  9894 | D:7      | Found Nebaoc's Antique Armour Shop.
  9920 | D:7      | Found Uraduz's Weapon Shoppe.
 10216 | D:7      | Reached ** piety under Sif Muna
 10936 | D:8      | Reached skill level 9 in Conjurations
 12236 | D:8      | Found an iron altar of Okawaru.
 12749 | D:8      | Found a shadowy altar of Dithmenos.
 12750 | D:8      | Found a hazy altar of Hepliaklqana.
 12820 | D:8      | Found a transporter.
 12846 | D:8      | Reached skill level 1 in Evocations
 12884 | D:8      | Noticed Erica
 12908 | D:8      | HP: 1/80 [Erica/bolt of poison (4)]
 12909 | D:8      | Succumbed to Erica's bolt of poison

Illustrated notes

Levels and vault maps discovered:
D:1:      dpeg_arrival_orchard, layout_basic, corner_web_ring,
          nicolae_shop_vocational
D:2:      wander_river, layout_basic, basic_altar, serial_shops,
          nicolae_square_shop, minmay_between
D:3:      layout_basic, kennysheep_generic_room_13
D:4:      layout_loops_corners, zin_statuary, minmay_temple_entry_proselytizer,
          serial_shops, nicolae_shop_bloodbath_and_beyond, gup_sewer_entry_pipe,
          uniq_menkaure
D:5:      layout_rooms, mainiacjoe_overflow_24_doors,
          gammafunk_ghost_necromancy, uniq_pikel
D:6:      layout_gridville, serial_shops, nicolae_shop_advertising_works
          [nicolae_subvault_shop_adworks], minmay_strange_pillars, uniq_edmund,
          uniq_eustachio
D:7:      nzn_winding_woodlands_small [nzn_winding_woodlands_5x15_parted,
          nzn_winding_woodlands_center_garden,
          nzn_winding_woodlands_5x15_zeroes], layout_loops_ring,
          kennysheep_mini, serial_shops, nicolae_shop_rolling_square, shop,
          nicolae_shop_trees, minmay_liquid_box, palyth_stone_intersect,
          kennysheep_generic_room_6, uniq_duvessa
D:8:      layout_basic, riverfiend_overflow_shadow_ancestor,
          okawaru_altar_gauntlet_db, nicolae_diode_intersection, uniq_erica
Temple:   hellmonk_temple_rainy

Skill      XL: |  1  2  3  4  5  6  7  8  9 10 |
---------------+-------------------------------+-----
Stealth        | 2 3 4 |  4.2
Dodging        | 2 3 4 6 7 |  7.4
Conjurations   | 5 6 7 8 9 |  9.5
Spellcasting   | 3 4 5 6 7 8 |  8.2
Unarmed Combat | 1 2 3 |  3.9
Fighting       | 1 2 3 4 |  4.7
Invocations    | 1 |  1.9
Evocations     | 1 |  1.0

Action                     |  1- 3 |  4- 6 |  7- 9 | 10-12 || total
---------------------------+-------+-------+-------+-------++-------
  Melee: Unarmed           |    23 |    37 |    40 |     9 ||   109
         Tailslap          |     3 |     3 |     5 |     1 ||    12
         Punch             |     1 |       |     1 |     1 ||     3
   Cast: Magic Dart        |    61 |    55 |    92 |    49 ||   257
         Searing Ray       |     7 |    29 |    86 |    52 ||   174
 Invoke: Channel Magic     |       |       |     1 |     1 ||     2
Ability: Breathe Noxious F |       |       |     2 |       ||     2
  Evoke: Wand              |       |       |       |    12 ||    12
    Use: Scroll            |     8 |     4 |    12 |     6 ||    30
         Potion            |     1 |     3 |     6 |     6 ||    16
   Stab: Invisible         |       |       |       |     2 ||     2
 Armour: Skin              |    17 |    34 |   113 |    88 ||   252
  Dodge: Dodged            |    25 |    84 |   221 |    97 ||   427

Table legend: (Time is in decaauts)
 A = Elapsed time spent in this place.
 B = Non-inter-level travel time spent in this place.
 C = Inter-level travel time spent in this place.
 D = Time resting spent in this place.
 E = Time spent auto-exploring this place.
 F = Levels seen in this place.
 G = Mean time per level.
                   A        B        C        D        E       F      G
               +--------+--------+--------+--------+--------+-----+--------+
         Total |  12960 |  12960 |      0 |   3648 |   7363 |   9 | 1440.0 |
       Dungeon |  12924 |  12924 |      0 |   3648 |   7363 |   8 | 1615.5 |
        Temple |     36 |     36 |      0 |      0 |      0 |   1 |   36.0 |
               +--------+--------+--------+--------+--------+-----+--------+

Top non-repeatable levels by time:
     D:7: 2300 daAuts
     D:8: 2005 daAuts
     D:6: 1830 daAuts
     D:4: 1594 daAuts
     D:2: 1397 daAuts
     D:1: 1345 daAuts
     D:5: 1239 daAuts
     D:3: 1210 daAuts
  Temple: 36 daAuts
